 Dungeon Crawl Stone Soup version 0.24-a0-441-g27f0392e16 (webtiles) character file.

Game seed: 3460803650010968263

16 KristoblXynda the Slasher (level 2, 0/25 HPs)
             Began as a Draconian Gladiator on June 19, 2019.
             Slain by Terence
             ... wielding a +3 short sword of holy wrath
              (4 damage)
             ... on level 2 of the Dungeon.
             The game lasted 00:00:58 (1053 turns).

KristoblXynda the Slasher (Draconian Gladiator)     Turns: 1053, Time: 00:00:59

Health: 0/25       AC:  7    Str: 16    XL:     2   Next: 41%
Magic:  2/2        EV: 13    Int:  8    God:
Gold:   40         SH:  0    Dex: 12    Spells: 1/1 levels left

rFire    . . .     SeeInvis .   a - +0 long sword
rCold    . . .     Gourm    .   (no shield)
rNeg     . . .     Faith    .   (armour unavailable)
rPois    .         Spirit   .   b - +0 hat
rElec    .         Reflect  .   (no cloak)
rCorr    .         Harm     .   (no gloves)
MR       .....                  i - +2 pair of boots
Stlth    +.........             (no amulet)
HPRegen  0.08/turn              (no ring)
MPRegen  0.08/turn              (no ring)

@: no status effects
A: unfitting armour, cold-blooded, AC +4
a: no special abilities


You were on level 2 of the Dungeon.
You were hungry.

You visited 1 branch of the dungeon, and saw 2 of its levels.

You collected 40 gold pieces.

Inventory:

Hand Weapons
 a - a +0 long sword (weapon)
Missiles
 c - 3 throwing nets (quivered)
Armour
 b - a +0 hat (worn)
 i - a +2 pair of boots (worn)
Scrolls
 e - 2 scrolls of teleportation {unknown}
 g - a scroll of fear {unknown}
 h - a scroll of noise {unknown}
 j - a scroll of identify {unknown}
 k - a scroll of fog {unknown}
Potions
 f - a potion of mutation {unknown}
Comestibles
 d - 2 rations


   Skills:
 + Level 2.4 Fighting
 * Level 3.3 Long Blades
 - Level 2.0 Throwing
 + Level 2.8 Dodging


You had one spell level left.
You didn't know any spells.
Your spell library was empty.

Dungeon Overview and Level Annotations

Branches:
Dungeon (2/15)

Altars:

Annotations:
D:2 Terence


Innate Abilities, Weirdness & Mutations

Your plain brown scales are hard. (AC +4)
You cannot fit into any form of body armour.
You are cold-blooded and may be slowed by cold attacks.


Message History

Terence is moderately wounded.
Terence hits you with a +3 short sword of holy wrath.
You hit Terence.
Terence is heavily wounded.
Terence hits you with a +3 short sword of holy wrath.
You closely miss Terence.
Terence is heavily wounded.
Terence barely misses you. Terence hits you but does no damage.
You are feeling hungry.
You hit Terence but do no damage.
Terence is heavily wounded.
Terence hits you but does no damage.
You barely miss Terence.
Terence is heavily wounded.
Terence hits you with a +3 short sword of holy wrath.
* * * LOW HITPOINT WARNING * * *
You hit Terence but do no damage.
Terence is heavily wounded.
Terence hits you with a +3 short sword of holy wrath.
You die...

###.....##^..
#..........#
#...#.# ##>.#.#
##.#.# #.#.##
#.s..# ##@#.#
.####@#.######.[
#................
#.####.#.######..
#.# #.#.# #>##
#.#.###
#..###.#...# .
#+#....#.###.#
#..#.#..(...###.#
#...........#.###


You could see Terence and a giant cockroach.

Vanquished Creatures
  A dart slug (D:1)
  2 giant cockroaches
  A goblin (D:1)
  3 hobgoblins (D:1)
  2 jackals (D:1)
  A bat (D:1)
  3 rats (D:1)
13 creatures vanquished.

Notes
Turn   | Place    | Note
-------+----------+-------------------------------------------
     0 | D:1      | KristoblXynda the Draconian Gladiator began the quest for
                  | the Orb.
     0 | D:1      | Reached XP level 1. HP: 17/17 MP: 1/1
   392 | D:1      | Reached XP level 2. HP: 13/25 MP: 2/2
  1028 | D:2      | Noticed Terence
  1053 | D:2      | Slain by Terence

Levels and vault maps discovered:
D:1:      nicolae_arrival_somewhat_less_tricky_arrival, layout_loops_ring,
          serial_forest, infiniplex_forest_end_3, infiniplex_forest_end_double,
          infiniplex_forest_lined_room_3, infiniplex_forest_clump_C
D:2:      minmay_razor_zed, layout_rooms, uniq_terence, uniq_sigmund

Skill      XL: |  1  2 |
---------------+-------+-----
Throwing       | 2 |  2.0
Fighting       | |  2.4
Long Blades    | |  3.3
Dodging        | |  2.8

Action                   || total
-------------------------++-------
Melee: Long sword        ||    57
       Tailslap          ||     6
 Stab: Sleeping          ||     2
Armor: Skin              ||    24
Dodge: Dodged            ||    47
       Rpst.: Long sword ||    17

Table legend:
 A = Non-vault XP
 B = Vault XP
 C = Vault XP percentage of total XP
 D = Non-vault monster count
 E = Vault monster count
 F = Vault count percentage of total count
                 A         B        C        D         E       F
            +---------+---------+-------+---------+---------+-------
      Total |      24 |       0 |   0.0 |      13 |       0 |   0.0
            +---------+---------+-------+---------+---------+-------
        D:1 |      22 |       0 |   0.0 |      12 |       0 |   0.0
        D:2 |       2 |       0 |   0.0 |       1 |       0 |   0.0
            +---------+---------+-------+---------+---------+-------
